 Dungeon Crawl Stone Soup version 0.19.1 (webtiles) character file.

7648 Faustar the Protected (level 10, -9/99 HPs)
             Began as a Deep Dwarf Berserker on Dec 17, 2016.
             Was an Elder of Trog.
             Mangled by a komodo dragon (13 damage)
             ... on level 1 of the Lair of Beasts.
             The game lasted 00:18:59 (7066 turns).

Faustar the Protected (Deep Dwarf Berserker)        Turns: 7066, Time: 00:19:00

Health: -9/99      AC: 15    Str: 23    XL:     10   Next: 99%
Magic:  6/6        EV: 10    Int:  6    God:    Trog [****..]
Gold:   544        SH:  0    Dex: 16    Spells: 0 memorised, 9 levels left

rFire  . . .     SeeInvis .     E - +1 battleaxe
rCold  . . .     Gourm    .     x - +0 chain mail
rNeg   . . .     Faith    +     (shield currently unavailable)
rPois  .         Spirit   .     (no helmet)
rElec  .         Reflect  .     p - +0 cloak
rCorr  .         Harm     .     (no gloves)
MR     +++++                    v - +0 pair of boots
Stlth  ..........               g - amulet of faith
                                m - ring of protection from magic
                                D - ring "Syrghi" {MR+ Int-3 Dex+4 Slay+5} (curse)

@: non-regenerating
A: damage resistance, recharge devices, sense surroundings 2, slow regeneration
3
a: Device Recharging, Berserk, Trog's Hand, Brothers in Arms, Burn Spellbooks,
Renounce Religion


You were on level 1 of the Lair of Beasts.
You worshipped Trog.
Trog was greatly pleased with you.
You were not hungry.

You visited 3 branches of the dungeon, and saw 11 of its levels.

You collected 544 gold pieces.

Inventory:

Hand Weapons
 a - a +0 hand axe
 E - a +1 battleaxe (weapon)
Armour
 b - a +0 animal skin
 p - a +0 cloak (worn)
 v - a +0 pair of boots (worn)
 x - a +0 chain mail (worn)
 K - a +0 plate armour
 M - a +0 plate armour
Jewellery
 g - an amulet of faith (around neck)
 j - an uncursed amulet of the gourmand
 m - a ring of protection from magic (right hand)
 y - an uncursed amulet of guardian spirit {unknown}
 D - the cursed ring "Syrghi" (left hand) {MR+ Int-3 Dex+4 Slay+5}
   (You found it on level 6 of the Dungeon)

   [ring of intelligence]

   It affects your intelligence (-3).
   It affects your dexterity (+4).
   It affects your accuracy and damage with ranged weapons and melee attacks
   (+5).
   It affects your resistance to hostile enchantments.
   It has a curse placed upon it.
 L - an uncursed ring of fire
Wands
 c - a wand of heal wounds (5/9)
 h - a wand of flame (37/48)
 A - a wand of flame (42/48)
 G - a wand of disintegration (7/24)
Scrolls
 e - 3 scrolls of teleportation
 f - 8 scrolls of remove curse
 i - a scroll of noise
 l - 4 scrolls of fear
 q - 3 scrolls of amnesia
 r - a scroll of recharging
 s - 2 scrolls of identify
 F - a scroll of blinking
 J - 2 scrolls of enchant weapon
 N - a scroll of holy word {unknown}
Potions
 n - 4 potions of heal wounds
 o - 2 potions of curing
 w - 2 potions of might
 z - a potion of haste
 B - 2 potions of brilliance
Books
 u - a book of Changes

   Spells                             Type                      Level
   a - Beastly Appendage              Transmutation                1
   b - Sticks to Snakes               Transmutation                2
   c - Spider Form                    Transmutation/Poison         3
   d - Ice Form                       Ice/Transmutation            4
   e - Blade Hands                    Transmutation                5
   Trog disapproves of the use of such an item.
Comestibles
 d - 4 bread rations
 k - 2 beef jerkies
 t - 4 meat rations
 C - 3 fruits
 I - 11 royal jellies


   Skills:
 - Level 9.2 Fighting
 - Level 9.2 Axes
 + Level 12.6 Armour
 - Level 2.1 Dodging


You had 9 spell levels left.
You didn't know any spells.

Dungeon Overview and Level Annotations

Branches:
Dungeon (9/15)             Temple (1/1) D:4            Lair (1/6) D:9
    Orc: D:9-12

Altars:
Ashenzari
Cheibriados
Dithmenos
Elyvilon
Fedhas
Gozag
Hepliaklqana
Kikubaaqudgha
Makhleb
Nemelex Xobeh
Okawaru
Qazlal
Ru
Sif Muna
Trog
Uskayaw
Vehumet
Xom
Yredelemnul
Zin
The Shining One

Shops:
D:4 :   D:7 }

Annotations:
D:3 exclusion: oklob plant
Lair:1 exclusion: oklob plant


Innate Abilities, Weirdness & Mutations

You are resistant to damage.
You can recharge devices by infusing magical energy.
You passively map the area around you.
You do not regenerate.


Message History

Your chain mail prevents you from hitting the crocodile.
The crocodile is moderately wounded.
You completely miss the komodo dragon.
The crocodile bites you but does no damage.
The komodo dragon bites you!!
You closely miss the crocodile.
The crocodile is moderately wounded.
You hit the komodo dragon but do no damage.
The crocodile barely misses you.
The komodo dragon bites you but does no damage.
You closely miss the crocodile.
The crocodile is moderately wounded.
You slash the komodo dragon!
The crocodile bites you but does no damage.
The komodo dragon bites you!!
* * * LOW HITPOINT WARNING * * *
The crocodile bites you!
* * * LOW HITPOINT WARNING * * *
The komodo dragon bites you!
You die...

,, * ** ,...##
#...## * .....
##.....##
#....##........
,
#....>.......#*
* #.......... P
#......%# * #
#..tl.# #
,#.@.# # *
#...## ###### #
##...###.#..##
.#
#...##......#
.##
##..........#
..#
#...........#
..###
##...††.....#
....#
##..†......#
...P# ### ###
#..†###.#.#


You could see a komodo dragon and a crocodile.

Vanquished Creatures
  The ghost of Whitewater the Basher, a journeyman TrBe of Trog (D:9)
  Pikel (D:5)
  A queen bee (Lair:1)
  2 trolls (D:9)
  A hippogriff (D:7)
  Eustachio (D:4)
  11 yaks (Lair:1)
  2 porcupines (Lair:1)
  3 orc warriors
  A black bear (D:6)
  A phantom (D:5)
  A slave (D:4)
  A wolf (D:9)
  3 centaurs
  4 ogres
  2 bullfrogs
  A scorpion (D:7)
  19 killer bees (Lair:1)
  3 wights (D:6)
  6 howler monkeys
  An electric eel (D:9)
  2 crimson imps
  13 hounds
  3 orc priests
  6 orc wizards
  2 iguanas
  6 worker ants
  A hound zombie (D:5)
  A hound skeleton (D:8)
  A worker ant zombie (D:5)
  5 adders
  A howler monkey skeleton (D:7)
  A gnoll (D:1)
  4 oozes
  An adder zombie (D:7)
  3 adder skeletons
  4 worms
  10 dart slugs
  5 leopard geckos
  25 orcs
  7 bats
  5 giant cockroaches
  8 goblins
  6 hobgoblins
  14 jackals
  9 kobolds
  7 frilled lizards
  A leopard gecko zombie (D:7)
  2 quokka skeletons
  A quokka zombie (D:6)
  8 rats
  A fungus (Lair:1)
229 creatures vanquished.

Vanquished Creatures (others)
  A worker ant zombie (D:5)
1 creature vanquished.

Grand Total: 230 creatures vanquished

Notes
Turn   | Place    | Note
-------+----------+-------------------------------------------
     0 | D:1      | Faustar the Deep Dwarf Berserker began the quest for the Orb.
     0 | D:1      | Reached XP level 1. HP: 20/20 MP: 1/1
   143 | D:1      | Reached XP level 2. HP: 25/27 MP: 2/2
   356 | D:1      | Reached XP level 3. HP: 21/33 MP: 3/3
   662 | D:1      | Reached ** piety under Trog
   662 | D:1      | Reached skill level 5 in Axes
   776 | D:2      | Reached XP level 4. HP: 12/40 MP: 4/4
  1093 | D:2      | Found a shadowy altar of Dithmenos.
  1411 | D:2      | HP: 2/40 [hound (2)]
  1475 | D:3      | Reached XP level 5. HP: 44/46 MP: 5/5
  1577 | D:3      | Reached *** piety under Trog
  1657 | D:3      | Found a radiant altar of Vehumet.
  1680 | D:3      | Found a hide-covered altar of Uskayaw.
  1745 | D:3      | Found a sacrificial altar of Ru.
  1763 | D:3      | Found a snail-covered altar of Cheibriados.
  1960 | D:3      | Found a blossoming altar of Fedhas.
  1980 | D:3      | Noticed an oklob plant
  2361 | D:4      | Reached XP level 6. HP: 44/55 MP: 6/6
  2456 | D:4      | Found a staircase to the Ecumenical Temple.
  2457 | D:4      | Noticed Eustachio
  2467 | D:4      | Killed Eustachio
  2473 | Temple   | Entered the Ecumenical Temple
  2697 | D:4      | Found Ajaet's Book Boutique.
  2732 | D:4      | HP: 2/55 [orc/whip (7)]
  2737 | D:4      | Reached **** piety under Trog
  2743 | D:4      | Reached XP level 7. HP: 27/61 MP: 6/6
  3131 | D:5      | Entered Level 5 of the Dungeon
  3281 | D:5      | Noticed Pikel
  3288 | D:5      | Killed Pikel
  3288 | D:5      | Reached skill level 5 in Fighting
  3288 | D:5      | Reached XP level 8. HP: 65/75 MP: 7/7
  3538 | D:5      | Found a white marble altar of Elyvilon.
  3538 | D:5      | Found a glowing silver altar of Zin.
  3539 | D:5      | Found a glowing golden altar of the Shining One.
  4077 | D:6      | Found an iron altar of Okawaru.
  4078 | D:6      | Got a slimy jade ring
  4195 | D:6      | HP: 3/80 [wight/enchanted hand axe (5)]
  4526 | D:7      | Found a sparkling altar of Nemelex Xobeh.
  4780 | D:7      | Gained mutation: You passively map the area around you. [Deep Dwarf growth]
  4780 | D:7      | Reached XP level 9. HP: 50/90 MP: 7/7
  4788 | D:7      | Found Odghutz's Gadget Shop.
  5128 | D:7      | Reached skill level 3 in Armour
  5441 | D:8      | Found a radiant altar of Vehumet.
  5622 | D:8      | Reached skill level 4 in Armour
  5701 | D:8      | Reached skill level 5 in Armour
  6151 | D:8      | Received a gift from Trog
  6178 | D:8      | Reached skill level 6 in Armour
  6280 | D:9      | Noticed Whitewater's ghost (journeyman TrBe)
  6297 | D:9      | Killed Whitewater's ghost
  6297 | D:9      | Reached skill level 8 in Armour
  6297 | D:9      | Reached XP level 10. HP: 99/99 MP: 8/8
  6368 | D:9      | Reached skill level 9 in Armour
  6546 | D:9      | Identified the cursed ring "Syrghi" {MR+ Int-3 Dex+4 Slay+5} (You found it on level 6 of the Dungeon)
  6562 | D:9      | Found a staircase to the Lair.
  6604 | Lair:1   | Entered Level 1 of the Lair of Beasts
  6714 | Lair:1   | Reached skill level 10 in Armour
  6764 | Lair:1   | Found a white marble altar of Elyvilon.
  6764 | Lair:1   | Noticed an oklob plant
  6791 | Lair:1   | Reached skill level 11 in Armour
  6963 | Lair:1   | Reached skill level 12 in Armour
  7066 | Lair:1   | HP: 4/99 [crocodile (8)]
  7066 | Lair:1   | Mangled by a komodo dragon

Skill      XL: |  1  2  3  4  5  6  7  8  9 10 |
---------------+-------------------------------+-----
Axes           | 4 5 6 7 8 9 |  9.2
Fighting       | 5 8 9 |  9.2
Armour         | 8 12 | 12.6
Dodging        | |  2.1

Action                   |  1- 3 |  4- 6 |  7- 9 | 10-12 || total
-------------------------+-------+-------+-------+-------++-------
Melee: Hand axe          |    96 |   269 |   298 |       ||   663
       Battleaxe         |       |       |    82 |   140 ||   222
Invok: Trog's Hand       |       |     2 |    18 |     6 ||    26
       Berserk           |       |       |     5 |     3 ||     8
 Abil: Device Recharging |       |     1 |     1 |     2 ||     4
Evoke: Wand              |     1 |     5 |     8 |     7 ||    21
  Use: Potion            |     1 |     1 |     5 |       ||     7
       Scroll            |       |     5 |     9 |     3 ||    17
 Stab: Sleeping          |     2 |       |     1 |       ||     3
  Eat: Chunk             |       |     6 |    21 |    10 ||    37
       Royal jelly       |       |       |     1 |       ||     1
Armor: Animal skin       |    23 |    40 |    51 |     1 ||   115
       Chain mail        |       |       |       |   137 ||   137
Dodge: Dodged            |    63 |   185 |   205 |   130 ||   583
